 Dungeon Crawl Stone Soup version 0.28-a0-1510-gd0f6b136d3 (webtiles) character file.

Game seed: 10651972379546782324

210 innerfire433 the Poker (level 5, -7/47 HPs)
             Began as a Draconian Berserker on Jan 15, 2022.
             Was a Believer of Trog.
             Mangled by a gnoll sergeant (12 damage)
             ... on level 2 of the Dungeon.
             The game lasted 00:05:43 (2236 turns).

innerfire433 the Poker (Draconian Berserker)        Turns: 2236, Time: 00:05:43

Health: -7/47      AC:  5    Str: 21    XL:     5   Next: 56%
Magic:  5/5        EV: 13    Int:  8    God:    Trog [**....]
Gold:   16         SH:  0    Dex: 16    Spells: 4/4 levels left

rFire   . . .      SeeInvis .   a - +0 spear
rCold   . . .      Faith    .   (no shield)
rNeg    . . .      Spirit   .   (armour unavailable)
rPois   .          Reflect  .   (helmet restricted)
rElec   .          Harm     .   (no cloak)
rCorr   .          Rampage  .   (no gloves)
Will    +....                   (no boots)
Stlth   +.........              (no amulet)
HPRegen 0.15/turn               b - +6 ring of dexterity
MPRegen 0.09/turn               c - ring of willpower

@: no status effects
A: AC +5, unfitting armour, cold-blooded
a: Renounce Religion, Berserk, Trog's Hand


You were on level 2 of the Dungeon.
You worshipped Trog.
Trog was pleased with you.
You visited 1 branch of the dungeon, and saw 2 of its levels.

You collected 66 gold pieces.
You spent 50 gold pieces at shops.

Inventory:

Hand Weapons
 a - a +0 spear (weapon)
Armour
 g - +0 swamp dragon scales
Jewellery
 b - a +6 ring of dexterity (left hand)
 c - a ring of willpower (right hand)
Scrolls
 d - a scroll of blinking {unknown}
 e - 2 scrolls of identify
Potions
 h - a potion of brilliance


   Skills:
 + Level 4.4 Fighting
 * Level 5.4 Polearms
 - Level 3.1 Dodging


You had 4 spell levels left.
You didn't know any spells.
Your spell library was empty.

Dungeon Overview and Level Annotations

Branches:
Dungeon (2/15)

Altars:

Shops:
D:1 (   D:2 !


Innate Abilities, Weirdness & Mutations

Your plain brown scales are hard. (AC +5)
You cannot fit into any form of body armour.
You are cold-blooded and may be slowed by cold attacks.


Message History

The gnoll barely misses you.
You puncture the gnoll!
You kill the gnoll!
Trog accepts your kill.
The gnoll sergeant hits you with a +0 spear!
* * * LOW HITPOINT WARNING * * *
Things that are here:
a +0 whip; a +0 club; a gnoll corpse You hit the gnoll sergeant.
The gnoll sergeant is lightly wounded.
The gnoll sergeant hits you with a +0 spear.
* * * LOW HITPOINT WARNING * * *
You hit the gnoll sergeant but do no damage.
The gnoll sergeant is lightly wounded.
The gnoll sergeant hits you from afar with a +0 spear.
* * * LOW HITPOINT WARNING * * *
You feel much better. The gnoll sergeant misses you.
The gnoll sergeant completely misses you.
Things that are here:
a +0 whip; a +0 club; a gnoll corpse You hit the gnoll sergeant.
You tail-slap the gnoll sergeant, but do no damage.
The gnoll sergeant is moderately wounded.
The gnoll sergeant hits you with a +0 spear.
You closely miss the gnoll sergeant.
The gnoll sergeant is moderately wounded.
The gnoll sergeant hits you with a +0 spear.
* * * LOW HITPOINT WARNING * * *
You barely miss the gnoll sergeant.
You tail-slap the gnoll sergeant, but do no damage.
The gnoll sergeant is moderately wounded.
The gnoll sergeant hits you with a +0 spear.
* * * LOW HITPOINT WARNING * * *
You hit the gnoll sergeant but do no damage.
Your tail-slap misses the gnoll sergeant.
The gnoll sergeant is moderately wounded.
The gnoll sergeant hits you with a +0 spear.
* * * LOW HITPOINT WARNING * * *
The gnoll sergeant hits you from afar with a +0 spear!
You die...

....♣.. #.# ##...##
♣.♣..)♣ #.# ##.##
..... #.# #.. ♣...♣
#.# ♣)..♣ #.# ♣g♣
#.# ♣.♣###### #.#
#g##..>.# #.#
#Kg)@##)###.#####.##
#######.............
##############


You could see a gnoll sergeant, a gnoll and a kobold.

Vanquished Creatures
  Jessica (D:2)
  Natasha (thrice) (D:2)
  5 gnolls (D:2)
  An adder (D:2)
  A worm (D:2)
  6 ball pythons
  3 endoplasms
  3 giant cockroaches (D:1)
  4 goblins
  7 jackals
  8 kobolds
  3 quokkas (D:1)
  2 bats (D:2)
  5 frilled lizards
  2 rats (D:1)
54 creatures vanquished.

Notes
Turn   | Place    | Note
-------+----------+-------------------------------------------
     0 | D:1      | innerfire433 the Draconian Berserker began the quest for
                  | the Orb.
     0 | D:1      | Reached XP level 1. HP: 19/19 MP: 1/1
   168 | D:1      | Reached XP level 2. HP: 26/26 MP: 2/2
   695 | D:1      | Found a faded altar of an unknown god.
   707 | D:1      | Found Dibe's Weapon Shop.
   869 | D:1      | Reached XP level 3. HP: 33/33 MP: 3/3
  1186 | D:2      | Noticed Natasha
  1246 | D:2      | Killed Natasha
  1247 | D:2      | Reached skill level 4 in Polearms
  1250 | D:2      | Noticed Natasha
  1261 | D:2      | Killed Natasha
  1261 | D:2      | Reached ** piety under Trog
  1262 | D:2      | Reached XP level 4. HP: 27/40 MP: 4/4
  1596 | D:2      | Noticed Natasha
  1662 | D:2      | Found Lyideawi's Distillery.
  1674 | D:2      | Killed Natasha
  1681 | D:2      | Reached XP level 5. HP: 21/46 MP: 5/5
  1691 | D:2      | Reached skill level 5 in Polearms
  1707 | D:2      | Bought a potion of heal wounds for 50 gold pieces
  2132 | D:2      | Noticed Jessica
  2144 | D:2      | Killed Jessica
  2236 | D:2      | Mangled by a gnoll sergeant

Illustrated notes

Levels and vault maps discovered:
D:1:      matt_arrival_spirals, layout_rooms, serial_shops,
          nicolae_shop_bloodbath_and_beyond, basic_ecumenical_altar,
          minmay_misc_feat_ornament, serial_park_tiny_1
D:2:      layout_loops_ring, serial_shops, nicolae_shop_crystal,
          pf_guarded_unrand_woodcutter, uniq_natasha, uniq_jessica

Skill      XL: |  1  2  3  4  5 |
---------------+----------------+-----
Dodging        | 3 |  3.1
Fighting       | 4 |  4.4
Polearms       | 4 5 |  5.4

Action                   |  1- 3 |  4- 6 || total
-------------------------+-------+-------++-------
Melee: Spear             |   119 |    76 ||   195
       Tailslap          |     5 |     8 ||    13
       Punch             |       |     1 ||     1
Invok: Trog's Hand       |       |     1 ||     1
  Use: Scroll            |     3 |       ||     3
       Potion            |     1 |     2 ||     3
 Stab: Sleeping          |     1 |       ||     1
Armor: Skin              |    33 |    11 ||    44
Dodge: Dodged            |    61 |    35 ||    96

Table legend: (Time is in decaauts)
 A = Elapsed time spent in this place.
 B = Non-inter-level travel time spent in this place.
 C = Inter-level travel time spent in this place.
 D = Time resting spent in this place.
 E = Time spent auto-exploring this place.
 F = Levels seen in this place.
 G = Mean time per level.
                   A        B        C        D        E       F      G
               +--------+--------+--------+--------+--------+-----+--------+
         Total |   2217 |   2171 |     46 |      0 |   1706 |   2 | 1108.5 |
       Dungeon |   2217 |   2171 |     46 |      0 |   1706 |   2 | 1108.5 |
               +--------+--------+--------+--------+--------+-----+--------+

Top non-repeatable levels by time:
     D:2: 1221 daAuts
     D:1: 995 daAuts
